 Dungeon Crawl Stone Soup version 0.28.0-49-g6dfe1f597d (webtiles) character file.

Game seed: 9004403300597445172

8119 Gabide the Human Cataclysm (level 11, -10/77 HPs)
             Began as a Human Monk on May 14, 2022.
             Was a High Priest of Qazlal.
             Mangled by a two-headed ogre
             ... wielding a +0 giant spiked club
              (34 damage)
             ... on level 9 of the Dungeon.
             The game lasted 00:21:29 (10176 turns).

Gabide the Human Cataclysm (Human Monk)            Turns: 10176, Time: 00:21:30

Health: -10/77     AC:  9    Str: 11    XL:     11   Next: 49%
Magic:  29/29      EV: 14    Int: 10    God:    Qazlal [*****.]
Gold:   311        SH:  6    Dex: 21    Spells: 10/10 levels left

rFire   . . .      SeeInvis .   d - +0 executioner's axe (flame)
rCold   . . .      Faith    .   (shield currently unavailable)
rNeg    . . .      Spirit   .   k - +6 leather armour of Riukh {rPois}
rPois   +          Reflect  .   (no helmet)
rElec   .          Harm     .   (no cloak)
rCorr   .          Rampage  .   (no gloves)
Will    .....                   (no boots)
Stlth   +.........              (no amulet)
HPRegen 0.22/turn               u - ring of wizardry
MPRegen 0.21/turn               w - ring of magical power

@: repel missiles
A: no striking features
a: Renounce Religion, Upheaval, Elemental Force, Disaster Area


You were on level 9 of the Dungeon.
You worshipped Qazlal.
Qazlal was extremely pleased with you.
You visited 1 branch of the dungeon, and saw 10 of its levels.

You collected 416 gold pieces.
You spent 105 gold pieces at shops.

Inventory:

Hand Weapons
 d - a +0 executioner's axe of flaming (weapon)
 i - a +3 whip of electrocution
Armour
 k - the +6 leather armour of Riukh (worn) {rPois}
   (You found it on level 2 of the Dungeon)

   rPois:     It protects you from poison.
Jewellery
 b - an amulet of magic regeneration
 u - a ring of wizardry (left hand)
 w - a ring of magical power (right hand)
Wands
 a - a wand of paralysis (5)
 c - a wand of flame (8)
 f - a wand of mindburst (10)
 s - a wand of iceblast (7)
Scrolls
 l - 4 scrolls of enchant armour
 p - a scroll of brand weapon
 q - a scroll of blinking
 t - 2 scrolls of magic mapping
Potions
 e - a potion of haste
 g - a potion of lignification {unknown}
 h - a potion of mutation {unknown}
 m - 3 potions of curing
 n - a potion of cancellation {unknown}
 o - 3 potions of degeneration {unknown}
 r - a potion of resistance {unknown}


   Skills:
 + Level 4.0 Fighting
 + Level 3.3(8.1) Axes
 - Level 11.4(11.7) Maces & Flails
 - Level 3.0 Armour
 + Level 3.9 Dodging
 - Level 2.0 Stealth
 + Level 12.6 Invocations


You had 10 spell levels left.
You didn't know any spells.
Your spell library contained the following spells:

 Spells                   Type           Power      Damage    Failure   Level
 Animate Skeleton         Necr           0%         N/A       19%         1
 Freeze                   Ice            0%         1d3       19%         1
 Pain                     Necr           0%         1d4       19%         1
 Frozen Ramparts          Ice            0%         1d2       47%         3
 Vampiric Draining        Necr           0%         2d6       47%         3
 Hailstorm                Conj/Ice       0%         3d3       86%         4


Dungeon Overview and Level Annotations

Branches:
Dungeon (10/15)            Temple (0/1) D:5            Lair (0/6) D:9
    Orc (0/2) D:9

Altars:
Ashenzari
Elyvilon
Fedhas
Gozag
Hepliaklqana
Kikubaaqudgha
Makhleb
Qazlal
Sif Muna
Uskayaw
Xom
Yredelemnul
Zin

Shops:
D:3 (   D:4 *   D:5 *

Portals:
Abyss: D:4

Annotations:
D:4 2 transporters, Quickbrownfox's ghost, amateur DsIE
D:8 2 transporters, Atelerd's ghost, novice OpEE


Message History

The centaur shoots an arrow.
The arrow closely misses you.
The centaur shoots an arrow.
The arrow hits you but does no damage.
The centaur shoots an arrow.
You block the arrow.
The centaur shoots an arrow.
The arrow barely misses you.
The centaur shoots an arrow.
The arrow completely misses you.
There is a stone staircase leading up here.
You climb upwards.
There is a stone staircase leading down here.
You start resting.
Your protection from physical attacks is fading.
You start resting.
You feel less protected from physical attacks.
You start resting.
HP restored.
You climb downwards.
The centaur shoots an arrow.
The arrow completely misses you.
The centaur shoots an arrow.
The arrow closely misses you.
The two-headed ogre hits you with a +0 giant spiked club!
The two-headed ogre hits you with a +0 giant club!!
The centaur shoots an arrow.
The arrow closely misses you.
There is a stone staircase leading up, spattered with blood here.
The two-headed ogre misses you.
The two-headed ogre hits you with a +0 giant club!
You climb upwards.
There is a stone staircase leading down here.
The two-headed ogre completely misses you.
The two-headed ogre hits you with a +0 giant club!
* * * LOW HITPOINT WARNING * * *
The two-headed ogre is engulfed in freezing vapours.
The two-headed ogre is engulfed in blazing flames.
There is an open door, spattered with blood here.
Items here: (( ))))).
Okay, then.
Unknown command.
Aiming: Paralyse
Press: ? - help, Shift-Dir - straight line, f - two-headed ogre
Aim: a two-headed ogre, wielding a +0 giant spiked club and a +0 giant club (moderately wounded, chance to affect: 31%)
The two-headed ogre easily resists.
The two-headed ogre hits you with a +0 giant spiked club!!
You die...

### ############# #########'##
##.......# #..####### #.##
##'######### #...........
#...........
######################...........
...............O@....'...........
######################...........
#........... #........<..
############


You could see a two-headed ogre.

Vanquished Creatures
  Harold (D:7)
  A centaur warrior (D:9)
  Maggie (D:9)
  2 trolls
  Sigmund (D:2)
  14 yaks
  A steam dragon (D:7)
  2 water moccasins
  A black bear (D:6)
  2 orc warriors (D:9)
  4 sky beasts
  A hornet zombie (D:7)
  2 centaurs
  2 kobold brigands
  4 bullfrogs
  10 scorpions
  2 water moccasin skeletons
  A wyvern skeleton (D:7)
  2 killer bees (D:10)
  An electric eel (D:8)
  A lava snake (D:10)
  A bullfrog zombie (D:7)
  A jelly (D:4)
  5 centaur zombies
  7 orc priests
  A hound (D:5)
  3 centaur skeletons
  5 iguanas
  A scorpion zombie (D:3)
  9 orc wizards
  A killer bee zombie (D:4)
  2 hound skeletons
  A howler monkey zombie (D:9)
  A howler monkey skeleton (D:7)
  3 adders
  4 gnolls (D:5)
  2 shadow imps (D:5)
  3 worms
  4 dart slugs
  23 orcs
  18 bats
  10 endoplasms
  3 giant cockroaches
  7 goblins
  4 hobgoblins
  A jackal (D:2)
  17 kobolds
  4 quokkas
  5 ball pythons
  A ball python skeleton (D:3)
  A frilled lizard (D:1)
  A quokka zombie (D:3)
  19 rats
224 creatures vanquished.

Vanquished Creatures (others)
  A human (D:5)
  6 fungi (D:6)
  A plant (D:4)
8 creatures vanquished.

Grand Total: 232 creatures vanquished

Notes
Turn   | Place    | Note
-------+----------+-------------------------------------------
     0 | D:1      | Gabide the Human Monk began the quest for the Orb.
     0 | D:1      | Reached XP level 1. HP: 18/18 MP: 1/1
    66 | D:1      | Found a faded altar of an unknown god.
    72 | D:1      | Prayed at the altar of an unknown god.
    72 | D:1      | Became a worshipper of Qazlal Stormbringer
    72 | D:1      | Reached * piety under Qazlal
    72 | D:1      | Reached ** piety under Qazlal
   285 | D:1      | Reached XP level 2. HP: 9/24 MP: 2/2
   528 | D:1      | Reached skill level 1 in Invocations
   991 | D:1      | Reached XP level 3. HP: 21/29 MP: 4/4
  1196 | D:1      | Reached *** piety under Qazlal
  1217 | D:1      | Reached skill level 2 in Invocations
  1700 | D:2      | Noticed Sigmund
  1716 | D:2      | Killed Sigmund
  1717 | D:2      | Reached skill level 4 in Invocations
  1717 | D:2      | Reached XP level 4. HP: 8/35 MP: 1/7
  1717 | D:2      | Reached XP level 5. HP: 9/41 MP: 1/8
  1717 | D:2      | Reached XP level 6. HP: 10/47 MP: 1/9
  2040 | D:2      | Identified the +3 leather armour of the Nexus {Rampage}
  2194 | D:2      | Reached skill level 5 in Maces & Flails
  2197 | D:2      | Identified the +6 leather armour of Riukh {rPois}
  2487 | D:3      | Found a hazy altar of Hepliaklqana.
  2588 | D:3      | Reached skill level 1 in Armour
  2741 | D:3      | Reached **** piety under Qazlal
  2879 | D:3      | Found Tiosang's Antique Weapon Shoppe.
  3220 | D:4      | Reached XP level 7. HP: 49/52 MP: 10/10
  3473 | D:4      | Found a transporter.
  3499 | D:4      | Found a blossoming altar of Fedhas.
  3560 | D:4      | Found Qagolyd's General Store.
  3568 | D:4      | Bought a scroll of enchant weapon for 105 gold pieces
  3589 | D:4      | Found a transporter.
  3604 | D:4      | Noticed a toenail golem
  3646 | D:4      | Found a one-way gate to the infinite horrors of the Abyss.
  3646 | D:4      | Noticed Quickbrownfox's ghost (amateur DsIE)
  4131 | D:5      | Entered Level 5 of the Dungeon
  4188 | D:5      | Reached skill level 5 in Invocations
  4224 | D:5      | Found a staircase to the Ecumenical Temple.
  4270 | D:5      | Reached XP level 8. HP: 58/58 MP: 12/12
  4273 | D:5      | Reached skill level 6 in Invocations
  4490 | D:5      | Found an opulent altar of Gozag.
  4495 | D:5      | Found Gozag's Platinum Reserve.
  4849 | D:5      | Found an ancient bone altar of Kikubaaqudgha.
  4852 | D:5      | Noticed a human
  4854 | D:5      | Killed a human
  4930 | D:6      | Reached skill level 7 in Invocations
  5004 | D:6      | Reached XP level 9. HP: 63/63 MP: 14/14
  5042 | D:6      | Found a hide-covered altar of Uskayaw.
  5043 | D:6      | Found a burning altar of Makhleb.
  5043 | D:6      | Found a white marble altar of Elyvilon.
  5044 | D:6      | Found a shimmering altar of Xom.
  5057 | D:6      | Found a glowing silver altar of Zin.
  5091 | D:6      | Reached skill level 8 in Invocations
  5176 | D:6      | Reached ***** piety under Qazlal
  5793 | D:7      | Noticed Harold
  5801 | D:7      | Reached skill level 9 in Invocations
  5805 | D:7      | Killed Harold
  5806 | D:7      | Reached XP level 10. HP: 50/70 MP: 10/17
  6111 | D:7      | Reached skill level 10 in Invocations
  6226 | D:7      | Identified the +2 chain mail "Amuqi" {Str+3 Dex+5}
  6237 | D:7      | Found a shimmering blue altar of Sif Muna.
  6572 | D:8      | Found a transporter.
  6582 | D:8      | Found a transporter.
  6619 | D:8      | Noticed a two-headed ogre
  6629 | D:8      | Noticed Atelerd's ghost (novice OpEE)
  6646 | D:8      | Reached skill level 10 in Maces & Flails
  7255 | D:9      | Noticed a centaur warrior
  7267 | D:9      | Killed a centaur warrior
  7268 | D:9      | Reached skill level 11 in Invocations
  7874 | D:9      | Reached XP level 11. HP: 51/75 MP: 19/19
  8105 | D:9      | Noticed Maggie
  8121 | D:9      | Killed Maggie
  8122 | D:9      | Reached skill level 12 in Invocations
  8237 | D:9      | Found a basalt altar of Yredelemnul.
  8392 | D:9      | Found a broken altar of Ashenzari.
  8426 | D:9      | Found a staircase to the Lair.
  8479 | D:9      | Found a staircase to the Orcish Mines.
  8755 | D:9      | Reached skill level 1 in Axes
  9131 | D:10     | Entered Level 10 of the Dungeon
  9865 | D:10     | Noticed a two-headed ogre
 10176 | D:9      | Mangled by a two-headed ogre

Illustrated notes

Levels and vault maps discovered:
D:1:      amcnicky_arrival_flooded_fountain, layout_basic,
          shapermc_ecumenical_altar_notcrosses, serial_corexii_hall,
          chequers_hall_statues_corner_a, corexii_hall_statues_l
D:2:      wander_river, layout_basic, minmay_heptomino_l4, uniq_sigmund
D:3:      layout_basic, mainiacjoe_overflow_boulevard, serial_shops,
          nicolae_shop_trees, serial_undead, serial_undead_e, serial_undead_d,
          serial_undead_e, serial_undead_c, hex_tiny, minmay_rat_hole
D:4:      layout_gridville, mainiacjoe_overflow_brackets,
          gammafunk_ghost_abyssal_escape, serial_shops, nicolae_square_shop,
          chequers_big_river
D:5:      layout_loops_ring, nicolae_gozag_zags_fifth_avenue, tgw_kikubaaqudgha,
          minmay_temple_entry_steel_oval
D:6:      old_forge, layout_basic, grunt_temple_overflow_open
D:7:      layout_loops_ring, mainiacjoe_overflow_alcove_1, uniq_harold
D:8:      layout_basic, nzn_ghost_randoct
D:9:      layout_roguey, lemuel_zombie_altar_yredelemnul,
          cheibrodos_ashenzari_chains, dpeg_oklobed_lair, minmay_misc_feat_tiny,
          uniq_maggie
D:10:     minmay_skewed_foursquare, layout_cave_pods, cheibriados_altar_1,
          ebering_dispersal_statue_hall, kennysheep_boxes

Skill      XL: |  1  2  3  4  5  6  7  8  9 10 11 |
---------------+----------------------------------+-----
Invocations    | 1 4 5 7 9 11 12 | 12.6
Maces & Flails | 4 5 6 7 9 11 | 11.4
Armour         | 2 3 |  3.0
Axes           | 3 |  3.3
Fighting       | 4 |  4.0
Dodging        | |  3.9
Stealth        | |  2.0

Action                   |  1- 3 |  4- 6 |  7- 9 | 10-12 || total
-------------------------+-------+-------+-------+-------++-------
Melee: Mace              |    89 |     2 |       |       ||    91
       Whip              |       |   129 |   325 |   208 ||   662
       Punch             |       |     6 |     5 |     6 ||    17
       Executioner's axe |       |       |       |   109 ||   109
Throw: Javelin           |       |     1 |       |     2 ||     3
       Throwing net      |       |       |       |     1 ||     1
Invok: Upheaval          |     1 |       |     2 |     1 ||     4
       Disaster Area     |       |       |       |     1 ||     1
Evoke: Wand              |       |       |       |     5 ||     5
  Use: Scroll            |       |     3 |    10 |     3 ||    16
       Potion            |       |       |       |     5 ||     5
 Stab: Paralysed         |       |       |       |     3 ||     3
       Held in net/web   |       |       |       |     1 ||     1
Armor: Robe              |    15 |     4 |       |       ||    19
       Leather armour    |       |    41 |    89 |    90 ||   220
Dodge: Dodged            |    46 |    68 |   125 |   205 ||   444
       Repelled          |       |       |       |     4 ||     4
Block: Other             |     8 |    19 |    47 |    94 ||   168
